 Dungeon Crawl Stone Soup version 0.25.1-2-g60ff931df9 (webtiles) character file.

Game seed: 5222849292238248390

69 oper the Digger (level 4, -6/32 HPs)
             Began as a Human Earth Elementalist on Nov 10, 2020.
             Killed by divine providence
             ... invoked by an orc priest
              (11 damage)
             ... on level 3 of the Dungeon.
             The game lasted 00:07:01 (2118 turns).

oper the Digger (Human Earth Elementalist)          Turns: 2118, Time: 00:07:01

Health: -6/32      AC:  3    Str:  8    XL:     4   Next: 42%
Magic:  2/8        EV: 12    Int: 17    God:
Gold:   112        SH:  0    Dex: 13    Spells: 4/8 levels left

rFire    . . .     SeeInvis .   a - +0 short sword
rCold    . . .     Gourm    .   (no shield)
rNeg     . . .     Faith    .   c - +1 robe
rPois    .         Spirit   .   (no helmet)
rElec    .         Reflect  .   (no cloak)
rCorr    .         Harm     .   (no gloves)
MR       .....                  (no boots)
Stlth    ++........             (no amulet)
HPRegen  0.10/turn              (no ring)
MPRegen  0.11/turn              (no ring)

@: no status effects
A: no striking features
a: no special abilities


You were on level 3 of the Dungeon.
You were not hungry.

You visited 1 branch of the dungeon, and saw 3 of its levels.

You collected 112 gold pieces.

Inventory:

Hand Weapons
 a - a +0 short sword (weapon)
Missiles
 b - 21 stones (quivered)
Armour
 c - a +1 robe (worn)
 k - a +0 buckler
Jewellery
 g - an uncursed ring of see invisible {unknown}
 i - a cursed amulet of inaccuracy {unknown}
Scrolls
 h - a scroll of magic mapping
 m - a scroll of amnesia {unknown}
Potions
 e - a potion of stabbing {unknown}
 f - a potion of curing {unknown}
 j - a potion of heal wounds {unknown}
 l - a potion of brilliance {unknown}
Comestibles
 d - 7 rations
 n - 2 chunks of flesh


   Skills:
 - Level 1.4 Fighting
 - Level 2.0 Dodging
 - Level 2.0 Stealth
 + Level 0.0 Shields
 + Level 2.6 Spellcasting
 + Level 1.0 Conjurations
   Level 1.0 Transmutations
 + Level 3.8 Earth Magic


You had 4 spell levels left.
You knew the following spells:

 Your Spells              Type           Power        Failure   Level  Hunger
a - Sandblast             Erth           ###...       3%          1    #......
b - Stone Arrow           Conj/Erth      ##....       21%         3    ###....

Your spell library contained the following spells:

 Spells                   Type           Power        Failure   Level  Hunger
 Passwall                 Tmut/Erth      ##......     11%         2    ##.....
 Petrify                  Tmut/Erth      ##......     56%         4    #####..
 Lee's Rapid Deconstruct  Erth           ###.......   71%         5    ######.


Dungeon Overview and Level Annotations

Branches:
Dungeon (3/15)

Altars:
Elyvilon

Annotations:
D:2 Sigmund


Message History

The blast of sand hits the orc priest.
The orc priest is almost dead.
b - 22 stones The orc priest calls down the wrath of Beogh upon you.
Beogh smites you!
* * * LOW HITPOINT WARNING * * *
Casting: Sandblast (safe; 3% risk of failure)
Confirm with . or Enter, or press ? or * to list all spells.
Aiming: Sandblast (safe; 3% risk of failure)
Press: ? - help, Shift-Dir - straight line, f/p - orc priest
Aim: an orc priest, wielding a +0 dagger and wearing a +0 ring mail (almost dead)
The blast of sand hits the orc priest but does no damage.
The orc priest is almost dead.
b - 21 stones The orc priest looks encouraged for a moment.
An orc wizard comes into view. It is wielding a +0 dagger.
The orc wizard shouts!
The orc priest invokes the aid of Beogh against you.
Beogh smites you!
You die...

#.######## #.. #.#
..#.. #.# .....
#.# #.#.# # # #.#
#.#.# #.# #.#
#.#.####.###.#
#.#.##.....#.##
#..o@#.# #....#
#..#o..# #....#
##...#.###....#
##.o......###..#
#.######.#######.#
### #.ooo..o.# #.#
#..####### .# #


You could see an orc priest, an orc wizard and 2 orcs.

Vanquished Creatures
  Natasha (D:2)
  A worm (D:2)
  2 dart slugs (D:1)
  2 leopard geckos
  4 bats
  2 giant cockroaches (D:1)
  3 goblins
  4 hobgoblins
  5 kobolds (D:1)
  A quokka (D:2)
  2 frilled lizards (D:2)
  8 rats
35 creatures vanquished.

Vanquished Creatures (others)
  10 toadstools (D:2)
10 creatures vanquished.

Grand Total: 45 creatures vanquished

Notes
Turn   | Place    | Note
-------+----------+-------------------------------------------
     0 | D:1      | oper the Human Earth Elementalist began the quest for the
                  | Orb.
     0 | D:1      | Reached XP level 1. HP: 13/13 MP: 3/3
   351 | D:1      | Reached XP level 2. HP: 20/20 MP: 1/5
   636 | D:1      | Reached skill level 1 in Fighting
   636 | D:1      | Reached XP level 3. HP: 23/26 MP: 2/6
   682 | D:1      | Learned a level 3 spell: Stone Arrow
  1472 | D:2      | Noticed Sigmund
  1551 | D:2      | Noticed Natasha
  1671 | D:2      | Killed Natasha
  1671 | D:2      | Reached XP level 4. HP: 25/32 MP: 1/7
  1840 | D:2      | Reached skill level 1 in Conjurations
  1915 | D:2      | Found a white marble altar of Elyvilon.
  2118 | D:3      | Killed from afar by an orc priest

Illustrated notes

Levels and vault maps discovered:
D:1:      saegor_arrival_under_anarchy, layout_loops_ring,
          chequers_decorated_corner, corexii_corridor_pit,
          grunt_decor_one_mirror
D:2:      cheibrodos_fertilizer, layout_rooms, elyvilon_altar_1,
          minmay_misc_feat_encased, uniq_natasha, uniq_sigmund
D:3:      layout_loops_ring, gup_sewer_entry_bubbles, minivault_23

Skill      XL: |  1  2  3  4 |
---------------+-------------+-----
Fighting       | 1 |  1.4
Conjurations   | 1 |  1.0
Dodging        | |  2.0
Stealth        | |  2.0
Spellcasting   | |  2.6
Transmutations | |  1.0
Earth Magic    | |  3.8

Action                   |  1- 3 |  4- 6 || total
-------------------------+-------+-------++-------
Melee: Unarmed           |     1 |       ||     1
       Short sword       |    25 |    13 ||    38
 Cast: Sandblast         |    38 |    13 ||    51
  Use: Scroll            |     4 |       ||     4
 Stab: Sleeping          |     2 |       ||     2
  Eat: Ration            |     1 |       ||     1
       Chunk             |     1 |       ||     1
Armor: Robe              |    10 |     9 ||    19
Dodge: Dodged            |    29 |     9 ||    38
